 Dungeon Crawl Stone Soup version 0.31-a0-229-g1fc7ce93e2 (webtiles) character file.

Game seed: 10845151494458685873

121 qw the Shooter (level 4, 0/36 HPs)
             Began as a Minotaur Hexslinger on July 6, 2023.
             Slain by an iguana (11 damage)
             ... on level 4 of the Dungeon.
             The game lasted 00:00:45 (1908 turns).

qw the Shooter (Minotaur Hexslinger)                Turns: 1908, Time: 00:00:45

Health: 0/36       AC:  3    Str: 12    XL:     4   Next: 77%
Magic:  4/4        EV: 12    Int: 10    God:
Gold:   110        SH:  0    Dex: 15    Spells: 4/5 levels left

rFire   . . .        Y - +1 sling
rCold   . . .        (no shield)
rNeg    . . .        d - +0 leather armour
rPois   .            (helmet restricted)
rElec   .            (no cloak)
rCorr   .            (no gloves)
SInv    .            (no boots)
Will    .....        a - amulet of the acrobat
Stlth   +            (no ring)
HPRegen 0.26/turn    (no ring)
MPRegen 0.09/turn

%: acrobat
@: no status effects
A: horns 2, retaliatory headbutt
a: no special abilities


You were on level 4 of the Dungeon.
You visited 1 branch of the dungeon, and saw 6 of its levels.

You collected 110 gold pieces.


Innate Abilities, Weirdness & Mutations

You have a pair of horns on your head.
You reflexively headbutt those who attack you in melee.


   Skills:
 + Level 2.1 Fighting
 - Level 5.3 Ranged Weapons
 - Level 2.1 Dodging
 - Level 1.0 Spellcasting
 - Level 2.0 Hexes


You had 4 spell levels left.
You knew the following spells:

 Your Spells              Type           Power      Damage    Failure   Level
a - Slow                  Hex            16%        N/A       19%         1

Your spell library contained the following spells:

 Spells                   Type           Power      Damage    Failure   Level
 Inner Flame              Hex/Fire       2%         N/A       65%         3
 Portal Projectile        Hex/Tloc       4%         N/A       65%         3
 Cause Fear               Hex            2%         N/A       88%         4

Inventory:

Hand Weapons
 Y - a +1 sling (weapon)
Armour
 d - a +0 leather armour (worn)
Jewellery
 a - an amulet of the acrobat (around neck)
Scrolls
 b - a scroll of identify
Potions
 c - a potion of curing
 e - a potion of enlightenment {unknown}
 g - a potion of attraction {unknown}
 i - a potion of degeneration {unknown}
 j - a potion of heal wounds
 l - a potion of might {unknown}

Dungeon Overview and Level Annotations

Branches:
Dungeon (6/15)
 Temple: D:4-7

Altars:


Message History

You shoot a sling bullet.
The sling bullet completely misses the hound.
The hound bites you.
The jackal bites you but does no damage.
The jackal bites you. The hound closely misses you.
You shoot a sling bullet. The sling bullet hits the hound.
The hound is almost dead.
The jackal misses you.
The jackal bites you but does no damage.
The hound closely misses you. The jackal closely misses you.
The jackal barely misses you. You furiously retaliate!
You headbutt the jackal!
You kill the jackal!
The hound misses you.
You shoot a sling bullet. The sling bullet hits the hound.
You kill the hound!
The jackal closely misses you. The jackal bites you.
Your Ranged Weapons skill increases to level 5!
You shoot a sling bullet.
The sling bullet closely misses the jackal.
The sling bullet hits the jackal.
The jackal is severely wounded.
The jackal misses you.
You shoot a sling bullet. The sling bullet hits the jackal.
The jackal is almost dead.
The jackal bites you.
You shoot a sling bullet.
The sling bullet barely misses the jackal.
The jackal misses you.
The iguana bites you but does no damage.
The jackal closely misses you. You furiously retaliate!
You headbutt the jackal!
You kill the jackal!
You shoot a sling bullet.
The sling bullet closely misses the iguana.
The sling bullet hits the jackal.
You kill the jackal!
The iguana bites you!
You shoot a sling bullet.
The sling bullet hits the iguana but does no damage.
The iguana bites you!
You die...

...... .# # #..
....... .. # .#..
......... .. .. ....
........###.. #.. #..
#........#..# ..##..
#..........# ..%#
##.........#
..##.##l####........>#
......%@.....##......#
.#..#...##...#......##
##.##......##...#...
## ###..../[.......
#..............
#........#...##
#........#####
####.....# ##...##


You could see an iguana.

Vanquished Creatures
  A hound (D:4)
  3 adders
  A dart slug (D:1)
  6 ball pythons (D:1)
  7 bats
  4 endoplasms
  3 giant cockroaches (D:1)
  3 goblins (D:2)
  6 hobgoblins
  9 jackals
  2 quokkas (D:2)
  6 frilled lizards
  A kobold (D:1)
  7 rats
59 creatures vanquished.

Notes
Turn   | Place    | Note
-------+----------+-------------------------------------------
     0 | D:1      | qw the Minotaur Hexslinger began the quest for the Orb.
     0 | D:1      | Reached XP level 1. HP: 16/16 MP: 1/1
     0 | D:1      | 0 ||| qw: Version: 0.3-a-46-gb1f654a
     0 | D:1      | 0 ||| qw: Game counter: 1141
     0 | D:1      | 0 ||| qw: Melee chars always use a shield: true
     0 | D:1      | 0 ||| qw: God list: Okawaru
     0 | D:1      | 0 ||| qw: Allow faded altars: false
     0 | D:1      | 0 ||| qw: Do Orc after clearing Dungeon:15 true
     0 | D:1      | 0 ||| qw: Do second Lair branch before Depths: true
     0 | D:1      | 0 ||| qw: Lair rune preference: random
     0 | D:1      | 0 ||| qw: Goals: Normal
     0 | D:1      | 0 ||| PLANNING D:1-11
    49 | D:1      | Reached skill level 3 in Ranged Weapons
    59 | D:1      | Reached XP level 2. HP: 23/23 MP: 2/2
   351 | D:1      | Reached XP level 3. HP: 29/29 MP: 3/3
   683 | D:1      | 683 ||| UPGRADING to +0 leather armour.
   693 | D:1      | 693 ||| DROPPING +0 robe.
   694 | D:1      | 694 ||| READING scroll labelled ELOABRAHAH.
   695 | D:1      | 695 ||| READING scroll labelled CIEPPO GUAK.
   696 | D:1      | 696 ||| READING scroll labelled OSSIPO OGHO.
   697 | D:1      | 697 ||| DRINKING 2 orange potions.
   698 | D:1      | 698 ||| DROPPING scroll of poison.
   699 | D:1      | 699 ||| DROPPING potion of brilliance.
   821 | D:2      | Reached skill level 4 in Ranged Weapons
   867 | D:2      | 867 ||| FLEEEEING.
   868 | D:2      | 868 ||| FLEEEEING.
   869 | D:2      | 869 ||| FLEEEEING.
   870 | D:2      | 870 ||| FLEEEEING.
  1025 | D:2      | Reached XP level 4. HP: 23/36 MP: 4/4
  1593 | D:2      | 1593 ||| UPGRADING to amulet of the acrobat.
  1598 | D:2      | 1598 ||| READING scroll labelled PILEALOIGI.
  1663 | D:2      | 1663 ||| DRINKING 2 dark potions.
  1664 | D:2      | 1664 ||| DRINKING 2 murky puce potions.
  1682 | D:2      | 1682 ||| READING 2 scrolls of identify.
  1682 | D:2      | 1682 ||| IDENTIFYING amethyst potion
  1683 | D:2      | 1683 ||| DROPPING potion of lignification.
  1865 | D:3      | You fall into a shaft and drop 3 floors!
  1877 | D:5      | Entered Level 5 of the Dungeon
  1878 | D:5      | 1878 ||| FLEEEEING.
  1880 | D:5      | 1880 ||| STAIRDANCE
  1904 | D:4      | Reached skill level 5 in Ranged Weapons
  1908 | D:4      | Slain by an iguana

Levels and vault maps discovered:
D:1:      eino_arrival_cavern_b, layout_rooms, minmay_misc_feat_more_columns
D:2:      layout_basic
D:3:      layout_loops_corners, basic_ecumenical_altar,
          corexii_item_surrounded_by_moat, supply_closet_lemuel,
          eino_tiny_chamber
D:4:      layout_cave_pools, lemuel_mausoleum_altar_yredelemnul
D:5:      layout_loops_ring, nicolae_gozag_cash_rules_everything_around_me,
          grunt_temple_overflow_order_and_chaos_2
D:6:      layout_rooms

Skill      XL: |  1  2  3  4 |
---------------+-------------+-----
Ranged Weapons | 3 4 5 |  5.3
Fighting       | 2 |  2.1
Dodging        | |  2.1
Spellcasting   | |  1.0
Hexes          | |  2.0

Action                     |  1- 3 |  4- 6 || total
---------------------------+-------+-------++-------
   Fire: Sling             |   126 |    36 ||   162
    Use: Scroll            |     3 |     2 ||     5
         Potion            |     1 |     2 ||     3
 Armour: Robe              |     5 |       ||     5
         Leather armour    |     6 |     4 ||    10
  Dodge: Dodged            |    55 |    16 ||    71

Table legend:
 A = Non-vault XP
 B = Vault XP
 C = Vault XP percentage of total XP
 D = Non-vault monster count
 E = Vault monster count
 F = Vault count percentage of total count
                 A         B        C        D         E       F
            +---------+---------+-------+---------+---------+-------
      Total |     174 |       0 |   0.0 |      59 |       0 |   0.0
            +---------+---------+-------+---------+---------+-------
        D:1 |      54 |       0 |   0.0 |      33 |       0 |   0.0
        D:2 |      54 |       0 |   0.0 |      20 |       0 |   0.0
        D:3 |       2 |       0 |   0.0 |       1 |       0 |   0.0
        D:4 |      51 |       0 |   0.0 |       4 |       0 |   0.0
        D:6 |      13 |       0 |   0.0 |       1 |       0 |   0.0
            +---------+---------+-------+---------+---------+-------
